 Dungeon Crawl Stone Soup version 0.24-a0-458-gfcb5e6da0e (webtiles) character file.

Game seed: 7415071373623425157

45836 Ijustatesigmund the Warrior (level 14, -2/159 HPs)
             Began as an Ogre Hunter on June 26, 2019.
             Was a High Priest of Cheibriados.
             Slain by a wolf (3 damage)
             ... on level 6 of the Lair of Beasts.
             The game lasted 00:51:59 (25695 turns).

Ijustatesigmund the Warrior (Ogre Hunter)          Turns: 25695, Time: 00:52:00

Health: -2/159     AC:  9    Str: 31    XL:     14   Next: 34%
Magic:  19/23      EV: 16    Int: 24    God:    Cheibriados [*****.]
Gold:   1456       SH:  0    Dex: 25    Spells: 13/13 levels left

rFire    . . .     SeeInvis .   k - +2 giant spiked club
rCold    . . .     Gourm    .   (shield currently unavailable)
rNeg     + . .     Faith    .   I - +0 robe {rN+}
rPois    .         Spirit   .   (helmet restricted)
rElec    .         Reflect  .   a - +2 cloak {MR+}
rCorr    .         Harm     .   (gloves unavailable)
MR       ++...                  (boots unavailable)
Stlth    ++........             (no amulet)
HPRegen  0.36/turn              t - +3 ring of protection
MPRegen  0.18/turn              F - +3 ring of slaying

@: very slightly contaminated, invisible, very slow
A: large, unfitting armour, talons 1, tough skin 1, wild magic 1, MP-powered
wands, sturdy frame 1
a: Bend Time, Temporal Distortion, Slouch, Step From Time, Renounce Religion


You were on level 6 of the Lair of Beasts.
You worshipped Cheibriados.
Cheibriados was extremely pleased with you.
You were not hungry.

You visited 3 branches of the dungeon, and saw 20 of its levels.

You collected 1690 gold pieces.
You spent 234 gold pieces at shops.

Inventory:

Hand Weapons
 k - a +2 giant spiked club (weapon)
 A - the +2 arbalest "Taicas" {flame, rC++}
   (You found it on level 8 of the Dungeon)

   It causes projectiles fired from it to burn those they strike, causing extra
   injury to most foes and up to half again as much damage against particularly
   susceptible opponents.
   It greatly protects you from cold.
 B - a +1 hunting sling of flaming
Missiles
 c - 7 large rocks (quivered)
 d - 4 throwing nets
 n - 7 atropa-tipped darts
 H - 2 silver javelins
Armour
 a - a +2 cloak of magic resistance (worn)
 b - a +2 robe of the Archmagi
 I - a +0 robe of positive energy (worn)
Jewellery
 g - an uncursed ring of resist corrosion
 o - an uncursed ring of fire
 r - an uncursed ring of positive energy
 s - an uncursed ring of poison resistance
 t - a +3 ring of protection (left hand)
 x - an uncursed ring of wizardry
 F - a +3 ring of slaying (right hand)
 O - a +2 ring of slaying
 Q - an uncursed ring of flight
 R - an uncursed ring of see invisible
Wands
 v - a wand of acid (12)
 z - a wand of polymorph (13)
 E - a wand of digging (13)
 N - a wand of enslavement (4)
 S - a wand of flame (15)
Scrolls
 j - 6 scrolls of remove curse
 m - 7 scrolls of amnesia
 p - 4 scrolls of immolation
 u - 7 scrolls of identify
 y - 6 scrolls of magic mapping
 C - a scroll of enchant armour
 K - 2 scrolls of fog
Potions
 e - 6 potions of lignification
 h - a potion of mutation
 i - 2 potions of resistance
 l - 10 potions of curing
 D - 2 potions of invisibility
 G - a potion of flight
 J - 2 potions of brilliance
 P - 2 potions of agility
Miscellaneous
 w - a phantom mirror
 L - a lightning rod (4/4)
Comestibles
 f - 37 rations


   Skills:
 - Level 15.4 Fighting
 - Level 14.0 Maces & Flails
 - Level 5.7 Throwing
 + Level 7.2 Dodging
 - Level 0.6 Stealth
 + Level 12.0 Invocations
 - Level 2.8 Evocations


You had 13 spell levels left.
You didn't know any spells.
Your spell library contained the following spells:

 Spells                   Type           Power        Failure   Level  Hunger
 Animate Skeleton         Necr           N/A          21%         1    ##.....
 Confusing Touch          Hex            #.....       21%         1    ##.....
 Corona                   Hex            #......      21%         1    ##.....
 Flame Tongue             Conj/Fire      #....        21%         1    ##.....
 Pain                     Necr           #...         21%         1    ##.....
 Summon Small Mammal      Summ           #...         21%         1    ##.....
 Call Imp                 Summ           #.......     30%         2    ###....
 Shroud of Golubria       Chrm/Tloc      #.....       30%         2    ###....
 Slow                     Hex            #.......     30%         2    ###....
 Throw Flame              Conj/Fire      #.....       30%         2    ###....
 Call Canine Familiar     Summ           #.......     50%         3    ####...
 Confuse                  Hex            #.......     50%         3    ####...
 Conjure Flame            Conj/Fire      #.......     50%         3    ####...
 Gell's Gravitas          Tloc           #.........   50%         3    ####...
 Ignite Poison            Fire/Tmut/Pois #.......     50%         3    ####...
 Inner Flame              Hex/Fire       #.......     50%         3    ####...
 Portal Projectile        Hex/Tloc       #.....       50%         3    ####...
 Regeneration             Chrm/Necr      #.........   50%         3    ####...
 Stone Arrow              Conj/Erth      #.....       50%         3    ####...
 Summon Guardian Golem    Hex/Summ       #.......     50%         3    ####...
 Vampiric Draining        Necr           #.........   50%         3    ####...
 Animate Dead             Necr           N/A          87%         4    #####..
 Cause Fear               Hex            #.........   87%         4    #####..
 Iskenderun's Mystic Bla  Conj           #.......     87%         4    #####..
 Leda's Liquefaction      Hex/Erth       #.........   87%         4    #####..
 Petrify                  Tmut/Erth      #.......     87%         4    #####..
 Sticky Flame             Conj/Fire      #.......     87%         4    #####..
 Summon Ice Beast         Ice/Summ       #.......     87%         4    #####..
 Summon Lightning Spire   Summ/Air       #.......     87%         4    #####..
 Bolt of Magma            Conj/Fire/Erth #.........   99%         5    ######.
 Fireball                 Conj/Fire      #.........   99%         5    ######.
 Iskenderun's Battlesphe  Conj/Chrm      #.......     99%         5    ######.
 Metabolic Englaciation   Hex/Ice        #.........   99%         5    ######.
 Venom Bolt               Conj/Pois      #.........   99%         5    ######.
 Yara's Violent Unravell  Hex/Tmut       #.........   99%         5    ######.
 Bolt of Fire             Conj/Fire      #.........   100%        6    #######
 Conjure Ball Lightning   Conj/Air       #.........   100%        6    #######
 Iron Shot                Conj/Erth      #.........   100%        6    #######
 Orb of Destruction       Conj           #.........   100%        7    #######
 Ring of Flames           Chrm/Fire      #.........   100%        7    #######
 Spellforged Servitor     Conj/Summ      #.........   100%        7    #######
 Ignition                 Fire           #.........   100%        8    #######


Dungeon Overview and Level Annotations

Branches:
Dungeon (13/15)            Temple (1/1) D:4            Lair (6/6) D:9
  Swamp (0/4) Lair:4        Snake (0/4) Lair:3        Slime (0/5) Lair:6
    Orc (0/2) D:12
 Vaults: D:13-14

Altars:
Ashenzari
Cheibriados
Dithmenos
Fedhas
Gozag
Hepliaklqana
Kikubaaqudgha
Makhleb
Nemelex Xobeh
Okawaru
Qazlal
Ru
Trog
Vehumet
Wu Jian
Xom
Yredelemnul
The Shining One

Shops:
D:6 *   D:8 *

Annotations:
D:6 1 runed translucent door, exclusion: oklob plant, hitsuchi's ghost, novice OpTm


Innate Abilities, Weirdness & Mutations

You are too large for most types of armour.
You have tough skin. (AC +1)
You have sharp toenails.
Your spells are a little harder to cast, but a little more powerful.
You expend magic power (3 MP) to strengthen your wands.
Your movements are slightly less encumbered by armour. (ER -2)


Message History

The hippogriff closely misses you. The hippogriff completely misses you.
The hippogriff barely misses you.
You are very lightly contaminated with residual magic.
You stick the hippogriff like a pincushion!!!
You kill the hippogriff!
Cheibriados appreciates the change of pace.
As you read the scroll of teleportation, it crumbles to dust.
You feel strangely unstable. The wolf closely misses you. The wolf bites you.
* * * LOW HITPOINT WARNING * * *
Your surroundings suddenly seem different.
A wolf comes into view.
The elephant tramples you!
* * * LOW HITPOINT WARNING * * *
You stumble backwards!
The wolf bites you!
* * * LOW HITPOINT WARNING * * *
The wolf howls!
You hear a trumpeting!
You hear a trumpeting!
The wolf completely misses you. The wolf bites you.
You die...

,*,,*,,,,,,,,*,,*,,,,,,,,,,,,,,,*
.÷....,,,,PY.,,,,,,..*,,**,,,,***
..P...,,,,P..P,,,,,.P**,***,,**
.P.P..,,*,....***,,.###***,,,,*
..Y...,,,,.....***,..P# **,,,*
.....÷,,,,*..h.#*,*.P#* *,,**
.P...#**,,,*##..###.P#******,,*
..Y.##,,,,**#..#hY..###...**,,*
,,,**,,*,,* *#..@hh.......,,,*#
,,,*,,,,,,** ##.##...#....,,,.#*
,,***,**,,,* #.###..#**,#,*...*
,** ****,,*** ###..(..#*,,*..P#*
,* **,,,,**###.P..#####....# ,*
*,,,,,,,.......##......## ,**
**,,,,,,.............P..# ,,*
**,***,,.##.PPl##......# ,,**
*,,**,**#..####*.....##**


You could see 2 elephants and 3 wolves.

Vanquished Creatures
  5 hydras
  2 two-headed ogres (D:9)
  A tengu warrior (D:13)
  Nergalle (Lair:3)
  A shadow wraith (D:8)
  An unseen horror (D:12)
  5 wizards (D:11)
  2 ugly things (D:11)
  2 cyclopes
  2 manticores
  3 black mambas
  4 elephants
  Joseph (D:8)
  A gargoyle (D:11)
  6 spiny frogs
  9 rime drakes
  9 komodo dragons
  A queen bee (Lair:3)
  3 trolls
  A polar bear (Lair:2)
  A meliai zombie (D:12)
  22 hippogriffs
  A vampire (D:10)
  25 yaks
  9 wyverns
  7 basilisks
  A human (D:8)
  3 hungry ghosts
  A naga (Lair:3)
  12 water moccasins
  A swamp worm (Lair:4)
  5 porcupines
  2 eyes of draining
  5 sky beasts
  3 orc warriors
  A black bear (D:9)
  3 ice beasts
  3 phantoms
  15 wolves
  13 ogres
  10 crocodiles
  6 centaurs
  7 bullfrogs
  5 big kobolds
  2 gnoll sergeants
  4 scorpions
  26 killer bees
  18 wights
  5 howler monkeys
  7 crimson imps
  A quasit (D:10)
  4 centaur zombies
  9 hounds
  15 orc wizards
  6 bullfrog zombies
  A jelly (D:9)
  13 orc priests
  3 bullfrog skeletons
  5 centaur skeletons
  2 iguanas
  4 worker ants
  6 hell rats (Lair:3)
  A hound skeleton (D:9)
  Robin (D:3)
  A worker ant zombie (D:9)
  8 gnolls
  14 adders
  4 shadow imps
  An ooze (D:1)
  3 worms
  2 dart slugs (D:1)
  6 leopard geckos
  76 orcs
  2 ball pythons
  8 bats
  2 giant cockroaches
  15 goblins
  16 hobgoblins
  17 jackals
  5 quokkas
  4 frilled lizards
  23 kobolds
  2 leopard gecko zombies
  7 rats
  A fungus (Lair:2)
571 creatures vanquished.

Vanquished Creatures (others)
  A spiny frog (Lair:6)
  19 fungi
  7 plants
27 creatures vanquished.

Grand Total: 598 creatures vanquished

Notes
Turn   | Place    | Note
-------+----------+-------------------------------------------
     0 | D:1      | Ijustatesigmund the Ogre Hunter began the quest for the
                  | Orb.
     0 | D:1      | Reached XP level 1. HP: 22/22 MP: 1/1
    28 | D:1      | Reached skill level 3 in Fighting
   126 | D:1      | Reached XP level 2. HP: 25/31 MP: 2/2
   234 | D:1      | Reached skill level 1 in Maces & Flails
   816 | D:1      | Reached XP level 3. HP: 38/39 MP: 3/3
   978 | D:1      | Reached skill level 4 in Fighting
  1576 | D:2      | Gained mutation: Your movements are slightly less
                  | encumbered by armour. (ER -2) [potion of mutation]
  1576 | D:2      | Gained mutation: You evolve. [potion of mutation]
  1576 | D:2      | Gained mutation: You expend magic power (3 MP) to
                  | strengthen your wands. [potion of mutation]
  1585 | D:2      | HP: 2/40 [poisoned by an adder]
  1593 | D:2      | HP: 1/40 [poisoned by an adder]
  2022 | D:2      | Reached XP level 4. HP: 45/49 MP: 4/4
  2186 | D:2      | You fall into a shaft and drop 2 floors!
  2203 | D:4      | Reached skill level 5 in Fighting
  2652 | D:4      | Found a staircase to the Ecumenical Temple.
  2684 | D:4      | Reached XP level 5. HP: 57/57 MP: 5/5
  3042 | D:4      | Found a shadowy altar of Dithmenos.
  3387 | D:3      | Reached skill level 6 in Fighting
  3436 | D:3      | Reached XP level 6. HP: 51/67 MP: 6/6
  4232 | D:2      | Gained mutation: You have sharp toenails. [evolution]
  4535 | D:3      | Identified the +1 helmet of Azuxahol {MR++}
  4535 | D:3      | Noticed Robin
  4843 | D:3      | Killed Robin
  5615 | D:4      | Gained mutation: Your spells are a little harder to cast,
                  | but a little more powerful. [evolution]
  5615 | D:4      | Lost mutation: You evolve. [end of evolution]
  6071 | D:4      | Reached skill level 7 in Fighting
  6182 | D:4      | Reached XP level 7. HP: 78/78 MP: 7/7
  6203 | D:5      | Entered Level 5 of the Dungeon
  6429 | D:5      | Reached skill level 8 in Fighting
  6429 | D:5      | Reached skill level 5 in Maces & Flails
  6734 | D:5      | Found an iron altar of Okawaru.
  7130 | D:5      | Got a polished shield
  7136 | D:5      | Identified the cursed +0 shield of the Midnight Sun {rC-
                  | MR+ Int+5} (You found it on level 5 of the Dungeon)
  7274 | D:5      | Reached XP level 8. HP: 68/89 MP: 8/8
  7714 | D:6      | Reached skill level 9 in Fighting
  7878 | D:6      | Found Elliasmo's Assorted Antiques.
  7893 | D:6      | Bought 3 scrolls labeled OCHUSA IDIGUET for 84 gold pieces
  7893 | D:6      | Bought a scroll labeled EHAISTROLLO for 28 gold pieces
  7978 | D:6      | Found a shimmering altar of Xom.
  7978 | D:6      | Noticed hitsuchi's ghost (novice OpTm)
  7978 | D:6      | Noticed a +4 trident of chaos
  7980 | D:6      | Found a runed translucent door.
  8121 | D:6      | Found a blossoming altar of Fedhas.
  8138 | D:6      | Noticed an oklob plant
  8494 | D:7      | Noticed a yak
  8497 | D:7      | Noticed a yak
  8511 | D:7      | Noticed a yak
  8517 | D:6      | Killed a yak
  8550 | D:7      | Noticed a yak
  8579 | D:7      | Noticed a yak
  8889 | D:6      | Reached skill level 10 in Fighting
  9247 | D:7      | Identified Sif Muna's Papyrus of Talismans and
                  | Confrontation
  9252 | D:7      | Reached XP level 9. HP: 99/102 MP: 9/9
  9272 | D:7      | Got a distressingly furry cloak
  9292 | D:7      | Identified the cursed +0 cloak of Orchinyus {-Tele rC+
                  | MP+9} (You found it on level 7 of the Dungeon)
  9349 | D:7      | Got a smoking great sword
  9350 | D:7      | Identified the +6 great sword "Keideaf" {freeze, Fragile
                  | Int+8 Dex-5} (You found it on level 7 of the Dungeon)
  9698 | D:7      | Reached skill level 11 in Fighting
 10663 | Temple   | Entered the Ecumenical Temple
 10669 | Temple   | Became a worshipper of Cheibriados the Contemplative
 10798 | D:8      | Reached skill level 1 in Invocations
 10798 | D:8      | Reached XP level 10. HP: 48/115 MP: 9/11
 11127 | D:8      | Reached skill level 12 in Fighting
 11271 | D:8      | Found Ecog's Assorted Antiques.
 11281 | D:8      | Bought a glass wand for 100 gold pieces
 11281 | D:8      | Bought a white potion for 22 gold pieces
 11436 | D:8      | Reached * piety under Cheibriados
 11912 | D:8      | Noticed a four-headed hydra
 11917 | D:8      | Killed a four-headed hydra
 11922 | D:8      | Killed a shadow wraith
 11922 | D:8      | Reached skill level 5 in Throwing
 11927 | D:8      | Noticed a manticore
 11935 | D:8      | Killed a manticore
 12049 | D:8      | Got a dazzling arbalest
 12348 | D:8      | Identified the +2 arbalest "Taicas" {flame, rC++} (You
                  | found it on level 8 of the Dungeon)
 12375 | D:8      | Reached XP level 11. HP: 124/124 MP: 14/14
 12383 | D:8      | Noticed a cyclops
 12388 | D:8      | Killed a cyclops
 12388 | D:8      | Reached skill level 10 in Maces & Flails
 12559 | D:8      | Noticed Joseph
 12573 | D:8      | Killed Joseph
 12573 | D:8      | Reached ** piety under Cheibriados
 12589 | D:8      | Reached skill level 5 in Invocations
 12591 | D:8      | Reached skill level 13 in Fighting
 12964 | D:9      | Found a staircase to the Lair.
 13506 | D:9      | Reached *** piety under Cheibriados
 13597 | D:9      | Noticed a two-headed ogre
 13602 | D:9      | Killed a two-headed ogre
 14337 | D:9      | Noticed a two-headed ogre
 14342 | D:9      | Killed a two-headed ogre
 14719 | D:9      | Found a sparkling altar of Nemelex Xobeh.
 14902 | D:10     | Entered Level 10 of the Dungeon
 14909 | D:10     | Found a burning altar of Makhleb.
 14943 | D:9      | Reached **** piety under Cheibriados
 15530 | D:10     | Reached XP level 12. HP: 132/136 MP: 16/16
 16155 | D:10     | Reached ***** piety under Cheibriados
 16155 | D:10     | Reached skill level 1 in Evocations
 17389 | D:11     | Found the +3 warlock's mirror {reflect}
 18022 | D:12     | Reached ****** piety under Cheibriados
 18244 | D:12     | Reached skill level 14 in Fighting
 18271 | D:12     | Reached XP level 13. HP: 128/146 MP: 19/19
 18392 | D:12     | Found a staircase to the Orcish Mines.
 19176 | Lair:1   | Entered Level 1 of the Lair of Beasts
 21581 | Lair:2   | Reached skill level 15 in Fighting
 22571 | Lair:3   | Found a staircase to the Snake Pit.
 22633 | Lair:3   | Reached skill level 10 in Invocations
 22998 | Lair:3   | Noticed Nergalle
 23003 | Lair:3   | Killed Nergalle
 23568 | Lair:3   | Reached skill level 5 in Dodging
 24124 | Lair:4   | Reached XP level 14. HP: 138/159 MP: 22/22
 25313 | Lair:4   | Found a staircase to the Swamp.
 25416 | Lair:6   | Entered Level 6 of the Lair of Beasts
 25694 | Lair:6   | HP: 1/159 [wolf (9)]
 25695 | Lair:6   | Slain by a wolf

Levels and vault maps discovered:
D:1:      matt_arrival_spirals, layout_loops_cross,
          chequers_serial_rivers_micro_b, minmay_crystal_water
D:2:      layout_loops_cross
D:3:      layout_basic, chequers_hall_statues_y, hangedman_decor_growths,
          uniq_robin
D:4:      layout_loops_cross, minmay_temple_entry_sparse_star,
          nicolae_dithmenos_the_darkroom
D:5:      layout_cave_pods, okawaru_metal_pillars_1_2, first_ration,
          dk_rats_in_the_wall
D:6:      layout_rooms, serial_shops, shop, ebering_ghost_xom, tgw_fedhas
D:7:      minmay_the_grid_octo_triangle [minmay_the_grid_octo_checkered,
          minmay_the_grid_octo_prize_single_spiral, minmay_the_grid_octo_focus],
          layout_basic
D:8:      layout_gridville, serial_shops, shop, grunt_pizzeria,
          minmay_evil_grid, uniq_joseph
D:9:      minmay_inner_zag, layout_basic, david_lair_generic,
          kennysheep_small_circle
D:10:     layout_stronghold, kennysheep_small_spiral, bloody_makhleb
D:11:     minmay_smoke_and_mirrors, layout_rooms, grunt_decor_cap,
          kennysheep_generic_room_10
D:12:     layout_gridville, hiddenorc1_lemuel
D:13:     layout_small_grid, hangedman_vaults_entry_quadrant_bands,
          minmay_misc_feat_ornament
Temple:   dpeg_three_leaves_temple
Lair:1:   layout_long_grid, beast_lair_carwin_6, grunt_megastairs_2,
          lemuel_fruit_tree, serial_bayou_shore_b, serial_bayou_shore_a
Lair:2:   layout_layer_cave, serial_bayou_lagoon_a, beast_lair_carwin_5
Lair:3:   layout_hall_layers, guppyfry_snake_entry_garden, special_room
          [special_room_bee], uniq_nergalle
Lair:4:   layout_cave_shapes, palyth_hydra_swamp_entry, special_room
          [special_room_mythical_zoo], grunt_megastairs_4
Lair:5:   layout_long_grid
Lair:6:   grunt_lair_end_beastmaster, layout_loops_ring,
          minmay_slime_entry_pillars, portal_ice_cave_entry_animals_and_master,
          st_stairs_6, infiniplex_staircase_pool_2

Skill      XL: |  1  2  3  4  5  6  7  8  9 10 11 12 13 14 |
---------------+-------------------------------------------+-----
Fighting       | 3 4 5 6 7 8 10 11 12 13 14 15 | 15.4
Maces & Flails | 1 2 3 4 5 6 8 9 12 13 14 | 14.0
Dodging        | 2 4 5 7 |  7.2
Invocations    | 1 4 5 8 10 12 | 12.0
Throwing       | 5 |  5.7
Evocations     | 2 |  2.8
Stealth        | |  0.6

Action                   |  1- 3 |  4- 6 |  7- 9 | 10-12 | 13-15 || total
-------------------------+-------+-------+-------+-------+-------++-------
Melee: Mace              |   128 |   258 |   161 |       |       ||   547
       Short sword       |     3 |       |       |       |       ||     3
       Kick              |       |    27 |    73 |   209 |   132 ||   441
       Giant spiked club |       |       |   110 |   517 |   287 ||   914
Throw: Large rock        |     2 |     9 |    14 |    25 |    21 ||    71
Invok: Slouch            |       |       |       |     1 |     6 ||     7
       Bend Time         |       |       |       |       |     2 ||     2
Evoke: Wand              |       |       |       |     2 |     2 ||     4
       Lightning rod     |       |       |       |       |     1 ||     1
  Use: Scroll            |     3 |    10 |    11 |     8 |    11 ||    43
       Potion            |     1 |       |     5 |     2 |     2 ||    10
 Stab: Sleeping          |     2 |     4 |     2 |     6 |     3 ||    17
       Distracted        |       |       |       |     2 |       ||     2
  Eat: Chunk             |     3 |    10 |    12 |    13 |    10 ||    48
       Ration            |       |     1 |     1 |     1 |     1 ||     4
Armor: Robe              |    31 |    74 |   108 |   268 |   151 ||   632
       Skin              |       |       |     2 |    11 |       ||    13
Dodge: Dodged            |    81 |   175 |   179 |   439 |   363 ||  1237

Table legend:
 A = Non-vault XP
 B = Vault XP
 C = Vault XP percentage of total XP
 D = Non-vault monster count
 E = Vault monster count
 F = Vault count percentage of total count
                 A         B        C        D         E       F
            +---------+---------+-------+---------+---------+-------
      Total |   38663 |   26818 |  41.0 |     433 |     137 |  24.0
            +---------+---------+-------+---------+---------+-------
        D:1 |      40 |       0 |   0.0 |      19 |       0 |   0.0
        D:2 |     124 |       0 |   0.0 |      28 |       0 |   0.0
        D:3 |     127 |      31 |  19.6 |      25 |       9 |  26.5
        D:4 |     329 |       4 |   1.2 |      15 |       2 |  11.8
        D:5 |     551 |       0 |   0.0 |      21 |       0 |   0.0
        D:6 |     512 |     122 |  19.2 |      15 |       1 |   6.2
        D:7 |    2223 |     305 |  12.1 |      32 |       6 |  15.8
        D:8 |    2767 |    3788 |  57.8 |      42 |      11 |  20.8
        D:9 |    4300 |    2162 |  33.5 |      42 |      10 |  19.2
       D:10 |    2819 |       0 |   0.0 |      32 |       0 |   0.0
       D:11 |    4165 |    3346 |  44.5 |      46 |       5 |   9.8
       D:12 |    4435 |     265 |   5.6 |      42 |      17 |  28.8
       D:13 |    1788 |       0 |   0.0 |       8 |       0 |   0.0
     Lair:1 |    1124 |    2951 |  72.4 |       5 |      14 |  73.7
     Lair:2 |    4226 |    1416 |  25.1 |      15 |       6 |  28.6
     Lair:3 |    2830 |    3887 |  57.9 |      20 |      28 |  58.3
     Lair:4 |    3310 |    8541 |  72.1 |      14 |      28 |  66.7
     Lair:6 |    2993 |       0 |   0.0 |      12 |       0 |   0.0
            +---------+---------+-------+---------+---------+-------
